[Event "*** Titled Tuesday Blitz"]
[Site "Chess.com"]
[Date "2018.09.04"]
[Round "4"]
[White "NemtsevIgor"]
[Black "Korchmar_Vasiliy"]
[Result "0-1"]
[WhiteElo "2390"]
[BlackElo "2644"]
[TimeControl "180+2"]
[EndTime "14:26:49 PDT"]
[Termination "Korchmar_Vasiliy won by resignation"]

1. d4 Nf6 2. Bf4 d5 3. Nf3 c5 4. e3 Nc6 5. c3 Qb6 6. Qb3 c4 7. Qc2 Bf5 8. Qc1 e6 9. Nbd2 h6 10. Be2 Be7 11. O-O O-O 12. Re1 Rfc8 13. Bd1 Qd8 14. Bc2 Bxc2 15. Qxc2 b5 16. a3 a5 17. e4 b4 18. axb4 axb4 19. h3 b3 20. Qb1 Rxa1 21. Qxa1 Ra8 22. Qb1 Ra2 23. Ne5 Nxe5 24. Bxe5 Ba3 25.
Nxc4 dxc4 26. bxa3 Rxa3 27. d5 exd5 28. exd5 Nxd5 29.
Qe4 Nb6 30. Qg4 Qg5 31. Qd4 Ra6 32. Bc7 b2 33. Bxb6 Qc1 34. Qe4 Qxe1+ 35. Qxe1 Ra1 0-1

[Event "*** Titled Tuesday Blitz"]
[Site "Chess.com"]
[Date "2018.09.04"]
[Round "4"]
[White "lavr92"]
[Black "snowlord"]
[Result "1-0"]
[WhiteElo "2601"]
[BlackElo "2705"]
[TimeControl "180+2"]
[EndTime "14:26:52 PDT"]
[Termination "lavr92 won by resignation"]

1. d4 Nf6 2. c4 d6 3. Nf3 g6 4.
Nc3 Bf5 5. Qb3 Qc8 6. g3 Bg7 7. Bg2 Ne4 8. Nh4 d5 9. cxd5 Nxc3 10. Nxf5 gxf5 11. bxc3 Nd7 12. O-O O-O 13. d6 exd6 14.
Bxb7 Qe8 15. Bxa8 Qxa8 16. Qb5 Nb6 17. Qxf5 Re8 18. Qg4 Re4 19. Qf3 Qe8 20. Re1 Nc4 21. Rb1 d5 22. Bf4 Qc8 23. Rb5 Nb6 24. Rxd5 Rxf4 25. gxf4 Nxd5 26. Qxd5 Qg4+ 27. Qg2 Qxf4 28.
Rb1 h5 29. e3 Qf5 30. Rb8+ Kh7 31. h3 c5 32. Rb5 Bf8 33. dxc5 Qd3 34. a4 Qd1+ 35. Kh2 Qxa4 36. Rb7 Qc4 37. Qg5 Bxc5 38. Qxh5+ Kg7 39. Qg4+ Qxg4 40. hxg4 a5 41. Rb5 1-0

[Event "*** Titled Tuesday Blitz"]
[Site "Chess.com"]
[Date "2018.09.04"]
[Round "4"]
[White "Pudor"]
[Black "Po6Don"]
[Result "1-0"]
[WhiteElo "2225"]
[BlackElo "2097"]
[TimeControl "180+2"]
[EndTime "14:26:53 PDT"]
[Termination "Pudor won by checkmate"]

1. d4 d5 2. c4 e5 3. dxe5 d4 4. Nf3 Nc6 5. Nbd2 Nge7 6. Nb3 Nf5 7. e4 Nh4 8. Nfxd4 Nxe5 9. Be2 Nxg2+ 10. Kf1 Bh3 11.
Kg1 Be7 12. f4 Ng6 13. f5 N6f4 14. Bg4 Bxg4 15. Qxg4 h5 16. Qf3 Bg5 17. h4 Bh6 18. Bxf4 Nxf4 19. Rd1 Qe7 20. Rh2 O-O-O 21. c5 g6 22. c6 b6 23. Qf1 Rd6 24. Qa6+ Kd8 25. Qxa7 Ke8 26. Qb8+ Rd8 27. Qb7 Kf8 28. f6 Qxf6 29.
Qxc7 Kg7 30. e5 Ne2+ 31. Rxe2 Qxh4 32. Ne6+ Kh7 33. Qxf7+ Bg7 34. Qxg7# 1-0

[Event "*** Titled Tuesday Blitz"]
[Site "Chess.com"]
[Date "2018.09.04"]
[Round "4"]
[White "VeraNebolsina"]
[Black "pedromartinez91"]
[Result "1/2-1/2"]
[WhiteElo "2408"]
[BlackElo "2397"]
[TimeControl "180+2"]
[EndTime "14:26:54 PDT"]
[Termination "Game drawn by repetition"]

1. e4 e6 2. d4 d5 3. exd5 exd5 4. Nf3 Bd6 5. Bd3 Ne7 6. c4 dxc4 7. Bxc4 O-O 8. h3 Bb4+ 9. Bd2 Bxd2+ 10. Qxd2 Nd7 11. O-O Nb6 12. Bb3 Be6 13. Bxe6 fxe6 14. Nc3 Ned5 15. Rfe1 Nf4 16. Re4 Nxh3+ 17. Kh2 Rxf3 18. gxf3 Ng5 19.
Rf4 Qd6 20. Kg2 Nc4 21. Qc1 h6 22. Ne4 Qd5 23. Nxg5 hxg5 24. Re4 Rf8 25. Qd1 Nd6 26. Re5 Qc6 27. Rc1 Qd7 28. Rxg5 Nf5 29. Rg4 c6 30. Qd3 Rf6 31. Rh1 Qd5 32. Qe4 Qxa2 33. Rh5 Qxb2 34. Rxf5 exf5 35. Qe8+ Rf8 36. Qe6+ Rf7 37.
Qe8+ Rf8 38. Qe6+ Rf7 39. Qe8+ Rf8 40. Qe6+ 1/2-1/2

[Event "*** Titled Tuesday Blitz"]
[Site "Chess.com"]
[Date "2018.09.04"]
[Round "4"]
[White "lexisvar"]
[Black "r31415"]
[Result "1-0"]
[WhiteElo "2443"]
[BlackElo "2377"]
[TimeControl "180+2"]
[EndTime "14:26:58 PDT"]
[Termination "lexisvar won by resignation"]

1. e4 d6 2. d4 Nf6 3. Nc3 g6 4. f4 Bg7 5. Nf3 O-O 6. e5 dxe5 7. dxe5 Qxd1+ 8. Kxd1 Rd8+ 9. Ke1 Nd5 10. Nxd5 Rxd5 11. Bc4 Rd8 12. e6 Bxe6 13. Bxe6 fxe6 14. Ng5 Rd6 15. Bd2 Nc6 16. c3 Rad8 17. Ne4 Rd5 18. Be3 b6 19. Ng5 R8d6 20. Ke2 e5 21. Ne4 Rd7 22. g3 exf4 23. gxf4 e5 24. Raf1 exf4 25. Rxf4 Rf7 26. Rxf7 Kxf7 27. Rf1+ Rf5 28. Ng5+ Kg8 29.
Rd1 Bh6 30. h4 Bxg5 31. Bxg5 Re5+ 32. Kf3 Ra5 33. Bf4 Rxa2 34. Rd7 Ra5 35. Rxc7 Rc5 36. Ke4 a5 37. Bd6 Rb5 38. Rxc6 Rxb2 39. Bc7 Rh2 40. Bd8 Re2+ 41. Kd3 Re1 42. Bxb6 a4 43. Bd4 a3 44. Ra6 a2 45. Rxa2 h6 46. Ra8+ Kf7 47. Rh8 h5 48. Be3 Rd1+ 49. Kc2 Rd7 50. Rh7+ Ke6 51. Rxd7 Kxd7 52.
Kd3 Kc6 53. Bg5 Kd5 54. c4+ Kc5 55. Kc3 Kc6 56. Kd4 1-0

[Event "*** Titled Tuesday Blitz"]
[Site "Chess.com"]
[Date "2018.09.04"]
[Round "4"]
[White "PowerThinking2650"]
[Black "GreatDamnedRedSpot"]
[Result "1-0"]
[WhiteElo "2226"]
[BlackElo "2311"]
[TimeControl "180+2"]
[EndTime "14:26:59 PDT"]
[Termination "PowerThinking2650 won on time"]

1. e4 c6 2. d4 Na6 3. c4 Nc7 4. d5 cxd5 5. exd5 d6 6. Nc3 g6 7. Nf3 Bg7 8. Bd3 Nf6 9. h3 O-O 10. O-O e6 11. dxe6 Bxe6 12. Bf4 d5 13. c5 Re8 14. Rc1 Rc8 15. b4 d4 16. Bxc7 Rxc7 17. Nb5 Rce7 18. Nd6 Rf8 19. Nxd4 Bxa2 20. Ra1 Ne8 21.
Rxa2 Bxd4 22. Bxg6 Bxf2+ 23. Raxf2 hxg6 24. Nf5 Qc7 25. Nxe7+ Qxe7 26. Re2 Qh4 27. Qb3 Ng7 28. Ref2 Qe7 29. Qc4 a6 30. Re2 Qd7 31. Rfe1 Nf5 32. Re5 Rd8 33. Qe4 Kg7 34. Qf4 1-0

[Event "*** Titled Tuesday Blitz"]
[Site "Chess.com"]
[Date "2018.09.04"]
[Round "4"]
[White "gmjlh"]
[Black "NateSolon"]
[Result "1-0"]
[WhiteElo "2708"]
[BlackElo "2515"]
[TimeControl "180+2"]
[EndTime "14:27:00 PDT"]
[Termination "gmjlh won by resignation"]

1. e4 e5 2. Nf3 d6 3. d4 exd4 4. Nxd4 Nf6 5. Nc3 Be7 6. Bf4 O-O 7. Qd2 a6 8. O-O-O b5 9. e5 dxe5 10. Bxe5 c5 11. Nb3 Nc6 12. Qxd8 Rxd8 13. Rxd8+ Bxd8 14. Bxf6 Bxf6 15. Nxc5 Bd4 16. N3e4 f5 17. c3 fxe4 18. cxd4 Bf5 19. Kd2 Nxd4 20. Ke3 Nc2+ 21. Kf4 Bg6 22. Be2 Nb4 23. a3 Nd5+ 24. Ke5 Nf6 25. Rd1 Re8+ 26.
Kf4 Bf7 27. Nxa6 e3 28. fxe3 Nd5+ 29. Kg3 Nxe3 30. Rd2 Nc4 31. Bxc4 Bxc4 32. Nc5 Rc8 33. Ne4 Rc6 34. Rd8+ Kf7 35. Rd6 Rc7 36. Kf4 h6 37.
Rd2 Re7 38. Nd6+ Kg6 39. Nxc4 bxc4 40. Rc2 Rb7 41. Ke4 Kf6 42. Kd4 1-0

[Event "*** Titled Tuesday Blitz"]
[Site "Chess.com"]
[Date "2018.09.04"]
[Round "4"]
[White "Vegan4future"]
[Black "AkibaRubi"]
[Result "0-1"]
[WhiteElo "2412"]
[BlackElo "2489"]
[TimeControl "180+2"]
[EndTime "14:27:00 PDT"]
[Termination "AkibaRubi won by resignation"]

1. d4 Nf6 2. c4 g6 3. Nf3 Bg7 4.
g3 O-O 5. Bg2 b6 6. O-O Bb7 7. Nc3 Ne4 8. Nxe4 Bxe4 9. Be3 d5 10.
Rc1 Nc6 11. Qa4 Qd7 12. Rfd1 a6 13. cxd5 Qxd5 14. Ne1 Bxg2 15. Nxg2 b5 16. Qb3 Qxb3 17.
axb3 Na5 18. Rxc7 e6 19. Rd3 Rfc8 20. Bf4 g5 21. Rxc8+ Rxc8 22. Bxg5 Rc2 23. Bd2 Nxb3 24. Rxb3 Rxd2 25. Nf4 Bxd4 26. Rd3 Rxd3 27. Nxd3 a5 28.
e3 Bf6 29. Kf1 a4 30. Ke2 Bxb2 31. Kd2 Kg7 32. Kc2 Ba3 33. Kc3 Be7 34. f4 h5 35.
h3 f5 36. Nf2 b4+ 37. Kb2 Kh6 38. e4 Bc5 39. Nd3 Bd4+ 40. Kc2 b3+ 41. Kb1 fxe4 42. Nc1 e3 43. g4 a3 44. Nxb3 e2 45. Nxd4 e1=Q+ 46. Kc2 a2 0-1

[Event "*** Titled Tuesday Blitz"]
[Site "Chess.com"]
[Date "2018.09.04"]
[Round "4"]
[White "RU_B9"]
[Black "ItalianMachine"]
[Result "1-0"]
[WhiteElo "2012"]
[BlackElo "2301"]
[TimeControl "180+2"]
[EndTime "14:27:12 PDT"]
[Termination "RU_B9 won by resignation"]

1. c4 c5 2. Nf3 Nc6 3. d4 cxd4 4.
Nxd4 Nf6 5. Nc3 g6 6. e4 d6 7. Be2 Bg7 8. Be3 O-O 9. O-O Ng4 10.
Bxg4 Bxg4 11. Nxc6 Bxd1 12. Nxd8 Bg4 13. Nxb7 Rfb8 14.
Na5 Rxb2 15. Nd5 e6 16. Ne7+ Kf8 17. Nec6 Be2 18. Rfc1 Bd3 19. f3 Re2 20. Bd4 e5 21. Bf2 f5 22. Nb4 fxe4 23. Nxd3 exd3 24. Rd1 e4 25.
Rab1 e3 26. Bg3 Rxa2 27. Bxd6+ Kf7 28. Nc6 Re8 29. Rxd3 e2 30. Re1 Re6 31. Nd8+ Kf6 32. Nxe6 Kxe6 33. c5 Kd7 34. Kf2 Kc6 35. Rxe2 Ra4 36.
Re7 Bd4+ 37. Kg3 Bf6 38. Rc7+ Kb5 39. Rb7+ Kc6 40. Rxh7 a5 41. Rh6 Bg5 42. Rxg6 Bh4+ 43. Kh3 Kd7 44. g3 Bd8 45. f4 Kc6 46. Be7+ 1-0

[Event "*** Titled Tuesday Blitz"]
[Site "Chess.com"]
[Date "2018.09.04"]
[Round "4"]
[White "Evandro_Barbosa"]
[Black "biostatistician"]
[Result "1-0"]
[WhiteElo "2478"]
[BlackElo "2474"]
[TimeControl "180+2"]
[EndTime "14:27:14 PDT"]
[Termination "Evandro_Barbosa won by checkmate"]

1. e4 e6 2. d3 d5 3. Qe2 Nc6 4. Nf3 Nf6 5. c3 a5 6. a4 dxe4 7. dxe4 e5 8. Qc2 Bd6 9. Bb5 O-O 10. Bg5 h6 11. Bh4 Ne7 12. Bxf6 gxf6 13. Nh4 Ng6 14. Nf5 Kh7 15. Nd2 Rg8 16. g3 Ne7 17. Ne3 c6 18.
Be2 Bc5 19. Ndf1 Be6 20. h4 Qb6 21. Rh2 Rad8 22. Nc4 Qc7 23. Nfe3 b6 24. Nf5 Bxf5 25. exf5 Qd7 26. Bf3 Kg7 27. Be4 Qc7 28. Qe2 Nd5 29. Qf3 Rd7 30. Kf1 Rgd8 31. Kg2 Kh7 32. Rhh1 Bf8 33.
Rhd1 Ne7 34. Qh5 Kg7 35. Rxd7 Rxd7 36. Ne3 Ng8 37. Qg4+ Kh7 38. Qe2 Bc5 39. Ng4 Qd6 40. Qf3 Kg7 41. Bxc6 Rd8 42. Bb5 Qd2 43. Bc4 Qxb2 44.
Rd1 Rxd1 45. Qxd1 Qxc3 46. Qd5 Kh8 47. Qxf7 Ne7 48. Qxf6+ Kh7 49. Qxh6# 1-0

[Event "*** Titled Tuesday Blitz"]
[Site "Chess.com"]
[Date "2018.09.04"]
[Round "4"]
[White "ChessicallyInclined"]
[Black "Fighterman91"]
[Result "0-1"]
[WhiteElo "2357"]
[BlackElo "2479"]
[TimeControl "180+2"]
[EndTime "14:27:16 PDT"]
[Termination "Fighterman91 won by resignation"]

1. d4 Nf6 2. c4 g6 3. Nc3 d5 4. Nf3 Bg7 5. Qb3 dxc4 6. Qxc4 Be6 7. Qd3 O-O 8. e4 c5 9. d5 Bc8 10. Be2 b6 11. O-O e6 12. Bg5 h6 13. Bxf6 Bxf6 14. e5 Bg7 15. dxe6 Bxe6 16. Qe4 Nd7 17. Rfe1 Qe7 18. Bc4 Rae8 19. Nd5 Bxd5 20. Qxd5 Nxe5 21.
Nxe5 Bxe5 22. Re3 Qh4 23. Rxe5 Rxe5 24. Qxe5 Qxc4 25. a3 Qd4 26. Qe2 Rd8 27. Rf1 Kg7 28. g3 c4 29. h4 h5 30. Kg2 b5 31. Qe7 Rd7 32. Qe2 Rd6 33. Re1 Re6 34. Qf1 Rxe1 35.
Qxe1 Qxb2 36. Qe8 a5 37. Qd8 b4 38. axb4 axb4 39. Qc7 Qc3 40. Qb8 b3 41. Kh2 b2 42.
Kg2 Qd4 43. Kh2 Qxf2+ 44. Kh3 Qf1+ 45. Kh2 Qe2+ 46. Kh3 c3 47. Qb4 Qg4+ 0-1

[Event "*** Titled Tuesday Blitz"]
[Site "Chess.com"]
[Date "2018.09.04"]
[Round "4"]
[White "Mbneu"]
[Black "staz_staz"]
[Result "1-0"]
[WhiteElo "2270"]
[BlackElo "2330"]
[TimeControl "180+2"]
[EndTime "14:27:18 PDT"]
[Termination "Mbneu won by resignation"]

1. d3 c5 2. d4 g6 3. d5 Bg7 4. c4 a6 5. e4 b5 6. f4 d6 7. Nf3 b4 8. Be2 Nf6 9. Nbd2 O-O 10. h3 Nh5 11. O-O Nxf4 12. Ng5 Nxe2+ 13. Qxe2 h6 14. Ngf3 Nd7 15. Rb1 a5 16. b3 a4 17. Bb2 Ne5 18. Nxe5 dxe5 19. Nf3 Qd6 20. Ne1 axb3 21. axb3 Ra2 22. Nd3 f5 23. Qe3 f4 24.
Qxc5 Qf6 25. Qxb4 Qg5 26. Rf3 Qh4 27. Qe1 Qh5 28. Ra1 Rxb2 29. Nxb2 g5 30. Ra8 Kh7 31. Nd3 Bf6 32. Nf2 Rg8 33. c5 g4 34. hxg4 Qf7 35.
c6 h5 36. gxh5 Qg7 37. Qf1 Qh6 38. c7 Qxh5 39. Rxc8 Rxc8 40. Rh3 Bh4 41. Qc4 Kg7 42. Qc3 Kf7 43. Rxh4 Qxh4 44. Qxe5 f3 45. Qe6+ Kg7 46.
Qxc8 Qg5 47. Qg4 1-0

[Event "*** Titled Tuesday Blitz"]
[Site "Chess.com"]
[Date "2018.09.04"]
[Round "4"]
[White "Elshan1985"]
[Black "DanielNaroditsky"]
[Result "1-0"]
[WhiteElo "2737"]
[BlackElo "2964"]
[TimeControl "180+2"]
[EndTime "14:27:27 PDT"]
[Termination "Elshan1985 won by resignation"]

1. d4 Nf6 2. Nf3 g6 3. g3 Bg7 4. Bg2 O-O 5. O-O d5 6. c4 dxc4 7. Na3 c3 8. bxc3 c5 9. e3 Nc6 10. Bb2 Bf5 11. Rc1 Qb6 12. Qe2 Be4 13. Rfe1 Rac8 14.
Ba1 cxd4 15. exd4 Rfd8 16. Qb2 Qa6 17. Nb1 Bd5 18. a3 e6 19. Nbd2 Na5 20. Bf1 Nc4 21. Nxc4 Bxc4 22. Bg2 Bd5 23. Bf1 Bc4 24. Bg2 Nd7 25.
Nd2 Bd5 26. Bf1 Qb6 27. Qb4 Bh6 28. f4 Bf8 29. Qa4 Nc5 30. Qb5 Qc7 31. c4 Bc6 32.
Qb1 Na4 33. Ne4 Bg7 34. d5 exd5 35. cxd5 Bxa1 36. Qxa1 Qb6+ 37. Rc5 Rd6 38. Rb1 Qd8 39. dxc6 Nxc5 40. Nxd6 Qxd6 41. cxb7 Rb8 42. Bg2 Na4 43. Qe5 Qd8 44. Rc1 Nb6 45. h4 Kf8 46. Qh8+ Ke7 47. Re1+ Kd7 48. Rd1+ Kc7 49. Rxd8 Rxd8 50. Qxd8+ 1-0

[Event "*** Titled Tuesday Blitz"]
[Site "Chess.com"]
[Date "2018.09.04"]
[Round "4"]
[White "FMJoseHerrera"]
[Black "JozefKneht"]
[Result "1-0"]
[WhiteElo "2407"]
[BlackElo "2491"]
[TimeControl "180+2"]
[EndTime "14:27:31 PDT"]
[Termination "FMJoseHerrera won by resignation"]

1. Nf3 d5 2. g3 Nf6 3. Bg2 c5 4. O-O Nc6 5. d3 e6 6. c3 Be7 7.
a3 O-O 8. b4 b6 9. Nbd2 a5 10. b5 Nb8 11. Ne5 Bb7 12. Rb1 Nbd7 13. Nef3 e5 14. Nh4 Re8 15. c4 Qc7 16. Nf5 Bf8 17.
cxd5 Nxd5 18. Qb3 a4 19. Qc4 N7f6 20. Nf3 e4 21. dxe4 Rxe4 22. Qc2 Rae8 23. e3 g6 24. N5h4 Bg7 25. Bb2 R4e7 26. Rbd1 Qc8 27. Qxa4 Ne4 28. Bxg7 Kxg7 29. Qc4 Ndc3 30. Rd3 Ne2+ 31. Kh1 g5 32.
Nxg5 Nxg5 33. Rd2 Bxg2+ 34. Nxg2 Nf3 35. Qxe2 Nxd2 36. Qxd2 Qf5 37. Qd6 Re6 38. Qc7 Qe5 39. Qa7 Qe4 40. Kg1 R8e7 41. Qb8 Qe5 42. Qc8 Re8 43.
Qb7 R8e7 44. Qa6 Qb2 45. Nf4 Re5 46. Qxb6 Qxa3 47. Qc6 Qb4 48. Rc1 Qe4 49. Qd6 Ra7 50. b6 Ra2 51. b7 Re8 52. b8=Q Qf3 53. Qe5+ 1-0

[Event "*** Titled Tuesday Blitz"]
[Site "Chess.com"]
[Date "2018.09.04"]
[Round "4"]
[White "Rashad_Zeynalli"]
[Black "alpasya2009"]
[Result "1-0"]
[WhiteElo "2368"]
[BlackElo "2453"]
[TimeControl "180+2"]
[EndTime "14:27:35 PDT"]
[Termination "Rashad_Zeynalli won on time"]

1. e4 c5 2. Nf3 d6 3. d4 cxd4 4. Nxd4 Nf6 5. Nc3 a6 6. Be3 e5 7.
Nb3 Be6 8. f3 Nbd7 9. Qd2 b5 10.
g4 Nb6 11. g5 Nh5 12. Nd5 Nxd5 13. exd5 Bf5 14. Na5 Be7 15. Nc6 Qd7 16. a4 O-O 17. Bd3 Bxd3 18. Qxd3 Nf4 19. Bxf4 exf4 20. Qf5 Qb7 21.
Qxf4 Rfe8 22. O-O bxa4 23. Ra2 Qb5 24. c4 Qb3 25. Rfa1 Bd8 26. Nxd8 Raxd8 27. Rxa4 Qxb2 28. Rxa6 Qb4 29. Ra7 Rf8 30. Kh1 Rc8 31. Rc1 Qc5 32.
Rb7 Rb8 33. Rd7 Rbd8 34. Rxd8 Rxd8 35. Qe4 Rb8 36. Rc2 g6 37. Kg2 Rb1 38. Qe8+ Kg7 39.
Rf2 Qxc4 40. Qe7 Rb6 41. Qf6+ Kg8 42. Qd8+ Kg7 43. Qxb6 Qxd5 44. Qb2+ Kg8 45. Qf6 Qd3 46. Rb2 1-0

[Event "*** Titled Tuesday Blitz"]
[Site "Chess.com"]
[Date "2018.09.04"]
[Round "4"]
[White "Thjop"]
[Black "gkchesstiger"]
[Result "1/2-1/2"]
[WhiteElo "2542"]
[BlackElo "2763"]
[TimeControl "180+2"]
[EndTime "14:27:38 PDT"]
[Termination "Game drawn by repetition"]

1. e4 c5 2. Nf3 e6 3. d4 cxd4 4. Nxd4 a6 5. Nc3 b5 6. Bd3 Qb6 7. Nb3 Qc7 8. O-O Nc6 9. f4 Nf6 10. e5 b4 11. Ne4 Nxe4 12. Bxe4 Bb7 13. Be3 Ne7 14. Bxb7 Qxb7 15. Bc5 Nd5 16. Bxf8 Rxf8 17. Qd3 Qb6+ 18. Kh1 g6 19. Nd2 Qe3 20. Nc4 Qxd3 21. cxd3 Ke7 22. g3 f6 23. Kg2 fxe5 24. fxe5 Rf5 25.
g4 Rf4 26. Kg3 Raf8 27. Rxf4 Rxf4 28. h3 g5 29. Re1 Rd4 30. Rd1 Nf4 31. Kf3 Nxh3 32.
Rh1 Rxd3+ 33. Ne3 Nf4 34. Rxh7+ Kf8 35. Ke4 Rd2 36. Nc4 Rd1 37. Nb6 d5+ 38. exd6 Rxd6 39. Nd7+ Ke8 40. Nf6+ Kd8 41. Rh8+ Ke7 42. Nh7 Ng6 43.
Rg8 Kf7 44. Ra8 Rd5 45. Rxa6 Re5+ 46. Kd4 Rd5+ 47. Ke4 Re5+ 48. Kd4 Rd5+ 49. Ke4 1/2-1/2

[Event "*** Titled Tuesday Blitz"]
[Site "Chess.com"]
[Date "2018.09.04"]
[Round "4"]
[White "johnathan113"]
[Black "AlexanderL"]
[Result "0-1"]
[WhiteElo "2598"]
[BlackElo "2820"]
[TimeControl "180+2"]
[EndTime "14:27:39 PDT"]
[Termination "AlexanderL won by resignation"]

1. e4 e6 2. b3 d5 3. Bb2 Nf6 4. e5 Nfd7 5. f4 b6 6. Qg4 g6 7. Nf3 Ba6 8. Nc3 Nc5 9. h4 h5 10. Qh3 Bxf1 11. Rxf1 Nc6 12. O-O-O d4 13. Ne2 d3 14.
Ned4 dxc2 15. Kxc2 Nb4+ 16. Kb1 Qd5 17. Ng5 a5 18.
Nb5 Qd7 19. d4 Ncd3 20. Rxd3 Qxb5 21. Rdd1 Qd5 22. Rc1 Be7 23. a3 Na6 24. g4 hxg4 25.
Qxg4 c6 26. Rg1 Qxb3 27. Nxf7 Bxa3 28. Nd6+ Kd7 29. Rg2 Nb4 30. Rcg1 Qa2+ 31. Kc1 Qa1+ 32. Kd2 Qxb2+ 33. Ke3 Qc3+ 34. Ke2 Qd3+ 35. Kf2 Qxd4+ 36.
Kg3 Nd5 37. Rf1 Bxd6 38. exd6 Ne3 39. Qg5 Nxf1+ 40. Kh3 Qd3+ 41. Kg4 Qf5+ 42. Kf3 Qxg5 43. Rxg5 Nd2+ 44. Ke3 Nc4+ 45. Kd4 Nxd6 46. Rxg6 Rag8 47.
Rf6 Ke7 48. Ke5 Nc4+ 49. Kd4 Kxf6 0-1

[Event "*** Titled Tuesday Blitz"]
[Site "Chess.com"]
[Date "2018.09.04"]
[Round "4"]
[White "Haykos"]
[Black "Anton_Demchenko"]
[Result "1-0"]
[WhiteElo "2548"]
[BlackElo "2746"]
[TimeControl "180+2"]
[EndTime "14:27:39 PDT"]
[Termination "Haykos won by resignation"]

1. e4 c5 2. Nf3 d6 3. Bb5+ Bd7 4. Bxd7+ Qxd7 5. O-O Nc6 6. Re1 e6 7. c3 Nf6 8. d4 cxd4 9. cxd4 d5 10. e5 Ng8 11. Nbd2 Nge7 12. Nf1 Nf5 13. Ng3 Nxg3 14. hxg3 h6 15. Bd2 O-O-O 16. Rc1 Kb8 17. a3 Be7 18. b4 Rc8 19. b5 Nd8 20. Qb3 g5 21. Bb4 Bxb4 22. Qxb4 b6 23. Nd2 Nb7 24. Nb3 Rhe8 25. g4 Rcd8 26. Rc6 Qe7 27. Qxe7 Rxe7 28. Rec1 Ree8 29. Rc7 Rf8 30. Re7 Rde8 31. Rcc7 Rxe7 32.
Rxe7 Rc8 33. Rxf7 Rc3 34. Nd2 Rxa3 35. Rf6 Nd8 36. Rxh6 a5 37. bxa6 Rxa6 38. f4 gxf4 39. g5 Ra7 40. Rf6 Rg7 41. Nf3 b5 42. Kf2 b4 43. Ke2 Kc7 44. g6 Kd7 45. Kd3 Nc6 46. Ng5 b3 47. Nxe6 b2 48. Kc2 Rg8 49.
Kxb2 Ne7 50. Nxf4 Ra8 51. Nxd5 Nxd5 52. Rd6+ Ke7 53. Rxd5 Rf8 54. Rd6 Rf2+ 55. Kc3 Rxg2 56. Rf6 1-0

[Event "*** Titled Tuesday Blitz"]
[Site "Chess.com"]
[Date "2018.09.04"]
[Round "4"]
[White "Arash_Tahbaz"]
[Black "Sanan_Sjugirov"]
[Result "1-0"]
[WhiteElo "2741"]
[BlackElo "2872"]
[TimeControl "180+2"]
[EndTime "14:27:40 PDT"]
[Termination "Arash_Tahbaz won by resignation"]

1. d4 Nf6 2. Bf4 e6 3. e3 c5 4. c3 Be7 5. Nf3 b6 6. Nbd2 Bb7 7. Bd3 cxd4 8. exd4 d6 9. Qe2 Nbd7 10.
h3 h6 11. O-O O-O 12. Rfe1 Re8 13. a4 a6 14. Bg3 Qc7 15. Rac1 Bf8 16. c4 a5 17. Bb1 g6 18. Ne4 Rac8 19. b3 Nxe4 20. Bxe4 Nf6 21. Bxb7 Qxb7 22. Qe3 d5 23. Ne5 Nd7 24. Rc2 Nxe5 25. Bxe5 dxc4 26. bxc4 Rc6 27.
Rb1 Qd7 28. Rcb2 Rxc4 29. Rxb6 Rb4 30. R1xb4 axb4 31. Qf3 Be7 32. Rb7 Qd8 33. Qc6 Rf8 34. Qb5 b3 35. Qxb3 Bd6 36. Qb5 Bxe5 37. Qxe5 Qc8 38.
Rc7 Qb8 39. a5 Qb1+ 40. Kh2 Qa2 41. f3 h5 42. Qc5 Qd2 43. Qe5 h4 44. a6 Qa2 45. a7 Qa1 46. Qc5 Kg7 47. Qxf8+ Kxf8 48. Rc8+ Kg7 49. a8=Q Qxd4 50. Qe4 Qd6+ 51. f4 Qd7 52. Qe5+ 1-0

[Event "*** Titled Tuesday Blitz"]
[Site "Chess.com"]
[Date "2018.09.04"]
[Round "4"]
[White "Squirlolz"]
[Black "tony15051987"]
[Result "1-0"]
[WhiteElo "2454"]
[BlackElo "2442"]
[TimeControl "180+2"]
[EndTime "14:27:40 PDT"]
[Termination "Squirlolz won by resignation"]

1. e4 c5 2. c3 d5 3. exd5 Qxd5 4. d4 Nf6 5. Nf3 e6 6. Be3 cxd4 7. cxd4 Nc6 8. a3 Be7 9. Nc3 Qd6 10. Bd3 O-O 11.
O-O b6 12. Qe2 Bb7 13. Rad1 Rad8 14. Bb1 Qb8 15. Rfe1 Rfe8 16. Bg5 g6 17. Ba2 Nh5 18.
Be3 Bf8 19. d5 exd5 20. Nxd5 Ne5 21. Bg5 Ng4 22. Bxd8 Rxe2 23. Rxe2 Bxd5 24. Bxd5 Kg7 25. Bg5 Bc5 26. h3 Nxf2 27. Rxf2 Qg3 28. Rd2 Nf4 29. Bxf4 Qxf4 30. Kh1 Bxf2 31. Rxf2 Qc1+ 32. Ng1 Qc5 33. Rd2 Qe3 34. Rd1 a5 35. Bf3 f5 36.
Ne2 g5 37. Nc3 Kg6 38. Rd6+ Kg7 39. Rd7+ Kf8 40. Nd5 Qc1+ 41. Kh2 Qxb2 42. Rxh7 Qe5+ 43. Kh1 g4 44. hxg4 fxg4 45. Nxb6 gxf3 46. Nd7+ Kg8 47. Nxe5 f2 48. Rf7 1-0

[Event "*** Titled Tuesday Blitz"]
[Site "Chess.com"]
[Date "2018.09.04"]
[Round "4"]
[White "Caisachess"]
[Black "nitpicker"]
[Result "0-1"]
[WhiteElo "2217"]
[BlackElo "2163"]
[TimeControl "180+2"]
[EndTime "14:27:42 PDT"]
[Termination "nitpicker won on time"]

1. e4 c5 2. c3 d5 3. exd5 Qxd5 4. d4 Nc6 5. Nf3 Bf5 6. Be3 O-O-O 7. Nbd2 e6 8. Bc4 Qd7 9. O-O Nf6 10. dxc5 Ng4 11.
b4 Nxe3 12. fxe3 Be7 13. Bb5 Qd5 14. Qb3 Bd3 15. Qxd5 Rxd5 16. Bxc6 bxc6 17. Rfe1 Bf6 18. Nd4 Kc7 19. Rad1 Rhd8 20. Rc1 e5 21. N4f3 Bg6 22. Nc4 Bd3 23. Nd6 Be7 24. e4 R5xd6 25. cxd6+ Bxd6 26. Rcd1 Bc4 27. Rd2 f6 28. Red1 Be7 29. Rxd8 Bxd8 30. Rd2 Kc8 31. a4 Bb6+ 32. Kh1 Be3 33. Rb2 a6 34. a5 Kc7 35. Nd2 Be6 36. Nb3 Bc4 37.
Nc5 Kd6 38. Nb7+ Kc7 39. Nc5 Kd6 40. Na4 Bb5 41. Nb6 Bd3 42. c4 Bd4 0-1

[Event "*** Titled Tuesday Blitz"]
[Site "Chess.com"]
[Date "2018.09.04"]
[Round "4"]
[White "MaxLeto"]
[Black "TST2014"]
[Result "1-0"]
[WhiteElo "2382"]
[BlackElo "2506"]
[TimeControl "180+2"]
[EndTime "14:27:46 PDT"]
[Termination "MaxLeto won on time"]

1. h4 e5 2. h5 h6 3. c3 d5 4. d4 e4 5. Bf4 Nf6 6. e3 Bd6 7.
Nh3 Bxh3 8. Rxh3 Bxf4 9. exf4 Qd6 10. Qd2 Nc6 11. Be2 O-O-O 12. Na3 Kb8 13. Nc2 Ne7 14. g3 c5 15. dxc5 Qxc5 16. Nd4 Nc6 17. O-O-O Rc8 18. Rhh1 Rhd8 19. Kb1 a6 20. Qe3 Nxd4 21. Rxd4 Ka8 22.
Rhd1 Rd6 23. g4 Rcd8 24. g5 Nd7 25. Bg4 Qc6 26. f3 Nc5 27. fxe4 dxe4 28. Bf5 hxg5 29. fxg5 g6 30. hxg6 fxg6 31. Bg4 Rxd4 32. cxd4 Na4 33.
Qb3 Rf8 34. d5 Qe8 35. d6 e3 36. d7 Qe4+ 37. Ka1 Nc5 38. d8=Q+ Rxd8 39. Rxd8+ Ka7 40. Qd1 Qe7 41. Qd4 1-0

[Event "*** Titled Tuesday Blitz"]
[Site "Chess.com"]
[Date "2018.09.04"]
[Round "4"]
[White "timator"]
[Black "GadimbayliA"]
[Result "0-1"]
[WhiteElo "2398"]
[BlackElo "2666"]
[TimeControl "180+2"]
[EndTime "14:27:49 PDT"]
[Termination "GadimbayliA won by resignation"]

1. Nf3 Nf6 2. d4 b6 3. g3 Bb7 4. Bg2 e6 5. O-O Be7 6. c4 O-O 7. Nc3 Ne4 8. Qc2 Nxc3 9. Qxc3 c5 10. Rd1 cxd4 11. Qxd4 Qc8 12. Qd3 Bf6 13. Nd2 Bxg2 14. Kxg2 d5 15. cxd5 exd5 16. Nf3 Rd8 17. Rb1 Na6 18. b4 Qc4 19. a3 Nc7 20. Bf4 Nb5 21.
Rbc1 Qxd3 22. Rxd3 Rac8 23. Rxc8 Rxc8 24. Ne5 d4 25. Nf3 Rc3 26. a4 Rxd3 27. exd3 Nc3 28. a5 bxa5 29. bxa5 a6 30. Nd2 Nd5 31. Nb3 Nb4 32.
Nc5 Be7 33. Nb3 Bd8 34. Nxd4 Bxa5 35. Bd2 Bb6 36. Bxb4 Bxd4 37. Ba5 f6 38. f4 Kf7 39. Kf3 f5 40. g4 g6 41. h3 Ke6 42. gxf5+ gxf5 43. Kg3 Bf6 44. Kf3 Kd5 45. Ke3 Bd4+ 46. Kf3 Kc6 47.
Kg3 Bf6 48. Kf3 Kb5 49. Bc7 a5 50. Ke3 a4 51. Bd6 Kc6 52. Bb4 Kd5 53. Ba3 Bd4+ 54.
Kf3 Bc5 55. Bc1 a3 56. Bxa3 Bxa3 57. Kg3 Be7 0-1

[Event "*** Titled Tuesday Blitz"]
[Site "Chess.com"]
[Date "2018.09.04"]
[Round "4"]
[White "afgano29"]
[Black "ulises2013"]
[Result "0-1"]
[WhiteElo "2684"]
[BlackElo "2549"]
[TimeControl "180+2"]
[EndTime "14:27:51 PDT"]
[Termination "ulises2013 won by resignation"]

1. d4 d5 2. c4 e6 3. Nf3 Nf6 4. g3 dxc4 5. Bg2 Nc6 6. O-O Rb8 7.
e3 Be7 8. Qe2 b5 9. b3 cxb3 10.
axb3 O-O 11. Bb2 Bb7 12. Rd1 a6 13. Ne5 Nb4 14. e4 c5 15. dxc5 Qc7 16. Ng4 Nxg4 17. Qxg4 e5 18. Nc3 Qxc5 19. Rac1 Qb6 20. Nd5 Nxd5 21.
exd5 Qd6 22. Re1 Bf6 23. Red1 Rbc8 24. h4 Rfd8 25. Rxc8 Bxc8 26. Qe2 Bb7 27. Be4 g6 28. h5 Kg7 29. Qd2 Rc8 30. h6+ Kg8 31. Kg2 Rc7 32.
Qe3 Bc8 33. Qf3 Bh8 34. g4 Bd7 35. g5 f6 36. gxf6 Qxf6 37. d6 Qxf3+ 38. Kxf3 Rc8 39. Bd5+ Kf8 40. Re1 Re8 41. Ra1 e4+ 42. Bxe4 Bxb2 43.
Rxa6 Be5 44. Ra7 Rd8 45. Ra6 Kf7 46. Bd5+ Kf6 47. Ke4 Bf5+ 48. Ke3 Rxd6 49. Bc6 Bd7 50. f4 Bd4+ 0-1